 Dungeon Crawl Stone Soup version 0.29.1-2-gbd0b4ee654 (webtiles) character file.

Game seed: 9537240354204574197

101 GorkyZ the Trooper (level 4, -5/37 HPs)
             Began as a Demonspawn Fighter on Nov 19, 2022.
             Slain by Syrassil's ghost (9 damage)
             ... on level 3 of the Dungeon.
             The game lasted 00:07:14 (2433 turns).

GorkyZ the Trooper (Demonspawn Fighter)             Turns: 2433, Time: 00:07:14

Health: -5/37      AC:  9    Str: 18    XL:     4   Next: 48%
Magic:  4/4        EV:  9    Int: 10    God:
Gold:   188        SH: 10    Dex: 12    Spells: 3/3 levels left

rFire   + . .      SeeInvis .   a - +1 war axe
rCold   . . .      Faith    .   c - +0 buckler
rNeg    . . .      Spirit   .   x - +1 scale mail {rF+}
rPois   .          Reflect  .   (no helmet)
rElec   .          Harm     .   (no cloak)
rCorr   .          Rampage  .   (no gloves)
Will    .....                   k - +0 pair of boots
Stlth   ..........              (no amulet)
HPRegen 0.12/turn               (no ring)
MPRegen 0.09/turn               (no ring)

@: no status effects
A: hooves 1, large bone plates 2
a: no special abilities


You were on level 3 of the Dungeon.
You visited 1 branch of the dungeon, and saw 3 of its levels.

You collected 188 gold pieces.

Inventory:

Hand Weapons
 a - a +1 war axe (weapon)
Missiles
 j - 12 poisoned darts (quivered)
 t - a throwing net
Armour
 b - a +0 scale mail
 c - a +0 buckler (worn)
 k - a +0 pair of boots (worn)
 x - a +1 scale mail of fire resistance (worn)
Jewellery
 e - an amulet of guardian spirit
 f - a ring of wizardry
 n - a +4 ring of protection
 p - a ring of wizardry
Scrolls
 g - a scroll of enchant weapon
 h - 3 scrolls of amnesia
 i - 4 scrolls of immolation
 o - a scroll of teleportation {unknown}
 s - a scroll of noise {unknown}
 u - a scroll of vulnerability {unknown}
 v - a scroll of blinking {unknown}
 w - 2 scrolls of identify
Potions
 d - a potion of might
 l - a potion of resistance {unknown}
 m - a potion of lignification
 q - a potion of brilliance
 r - a potion of heal wounds
 z - a potion of attraction {unknown}


   Skills:
 + Level 3.6 Fighting
 + Level 2.5 Axes
 + Level 0.0 Throwing
 + Level 3.3 Armour
 + Level 3.4 Shields
 + Level 0.0 Evocations


You had 3 spell levels left.
You didn't know any spells.
Your spell library was empty.

Dungeon Overview and Level Annotations

Branches:
Dungeon (3/15)

Altars:
Nemelex Xobeh
Xom

Annotations:
D:3 Syrassil's ghost, amateur TrFi


Innate Abilities, Weirdness & Mutations

You have large cloven feet.
You are mostly covered in large bone plates. (SH +6)


Message History

You barely miss the goblin. The goblin hits you with a +0 club.
You closely miss the goblin. The goblin closely misses you.
The goblin hits you but does no damage.
You closely miss the goblin. You block the goblin's attack.
You slash the goblin!
You kill the goblin!
No target in view!
No target in view!
No target in view!
No target in view!
No target in view!
No target in view!
No target in view!
No target in view!
No target in view!
You now have 188 gold pieces (gained 10).
Things that are here:
a +0 club; a +0 sling
Found a runed translucent door.
Found 3 stones.
You open the door. You closely miss Syrassil's ghost.
Syrassil's ghost hits you!
Syrassil's ghost whispers, "They're coming for you..."
Syrassil's ghost closely misses you.
You hit Syrassil's ghost.
Syrassil's ghost is lightly damaged.
Syrassil's ghost closely misses you.
You closely miss Syrassil's ghost.
Syrassil's ghost is lightly damaged.
Syrassil's ghost hits you!
* * * LOW HITPOINT WARNING * * *
You hit Syrassil's ghost.
Syrassil's ghost is moderately damaged.
Syrassil's ghost hits you!
* * * LOW HITPOINT WARNING * * *
You block Syrassil's ghost's attack.
You hit Syrassil's ghost.
Syrassil's ghost is moderately damaged.
Syrassil's ghost hits you!
You die...

.#...#.#.#.##...#****,****
.)....<..#......# *,*
#......).#####.## *,* #######
...........##...#####.# #.....#
#....#.#.#.##.........# #.###.#
#...##.#........#.##### #.###.#
#......###.######..# #####.#....
+.#..#.....##P.#...# #.......#.#
#.#..#.######8(W@..# #.###.....#
#....#.## #P.#..## #.#########
#.##....# ######## #..###.....
....⌠.⌠.# #...# ####.##...##.
#.#.._..# #...# #........##.#
....⌠.⌠#####...######.##.....#...
..###.#.............#.##...##.#.#
....#.........(...........##.)###
.##.#.#.............#.###.#..#).)


You could see Syrassil's ghost.

Vanquished Creatures
  5 adders
  3 dart slugs
  2 bats
  2 giant cockroaches
  5 goblins
  4 hobgoblins
  2 jackals (D:1)
  A quokka (D:1)
  5 ball pythons
  3 frilled lizards
  11 kobolds
  4 rats (D:1)
47 creatures vanquished.

Notes
Turn   | Place    | Note
-------+----------+-------------------------------------------
     0 | D:1      | GorkyZ the Demonspawn Fighter began the quest for the Orb.
     0 | D:1      | Reached XP level 1. HP: 18/18 MP: 1/1
   149 | D:1      | Gained mutation: You are partially covered in large bone
                  | plates. (SH +4) [demonic ancestry]
   149 | D:1      | Reached XP level 2. HP: 12/24 MP: 2/2
   698 | D:1      | Found a faded altar of an unknown god.
   933 | D:2      | Gained mutation: You are mostly covered in large bone
                  | plates. (SH +6) [demonic ancestry]
   933 | D:2      | Reached XP level 3. HP: 5/29 MP: 3/3
  1868 | D:3      | Found a sparkling altar of Nemelex Xobeh.
  2089 | D:3      | Gained mutation: You have large cloven feet. [demonic
                  | ancestry]
  2089 | D:3      | Reached XP level 4. HP: 34/35 MP: 4/4
  2207 | D:3      | Found a shimmering altar of Xom.
  2423 | D:3      | Found a runed translucent door.
  2424 | D:3      | Noticed Syrassil's ghost (amateur TrFi)
  2433 | D:3      | Slain by Syrassil's ghost

Illustrated notes

Levels and vault maps discovered:
D:1:      ncdulo_smallfort, layout_basic, ebering_ecumenical_altar_ruins
D:2:      kennysheep_six_static_rooms, layout_rooms
D:3:      layout_loops_cross, lemuel_doored_altar,
          nemelex_xobeh_ov_fountains_minmay, gammafunk_ghost_grave,
          minmay_pentomino_pile

Skill      XL: |  1  2 |
---------------+-------+-----
Axes           | 2 |  2.5
Shields        | 3 |  3.4
Armour         | 3 |  3.3
Fighting       | |  3.6

Action                   |  1- 3 |  4- 6 || total
-------------------------+-------+-------++-------
Melee: War axe           |   113 |    33 ||   146
  Use: Scroll            |     8 |       ||     8
Armor: Scale mail        |    51 |    15 ||    66
Dodge: Dodged            |    43 |    20 ||    63
Block: Buckler           |    56 |    24 ||    80
